 Dungeon Crawl Stone Soup version 0.24-a0-280-g7cec4da (webtiles) character file.

Game seed: 8291776808579755664

1264 HallandMoats the Skirmisher (level 8, -1/64 HPs)
             Began as a Mummy Assassin on May 10, 2019.
             Was an Initiate of Qazlal.
             Killed by divine providence
             ... invoked by an orc priest
              (10 damage)
             ... on level 6 of the Dungeon.
             The game lasted 00:12:44 (7420 turns).

HallandMoats the Skirmisher (Mummy Assassin)        Turns: 7420, Time: 00:12:44

Health: -1/64      AC: 17    Str: 16    XL:     8   Next: 27%
Magic:  9/9        EV:  4    Int: 10    God:    Qazlal [......]
Gold:   288        SH: 10    Dex: 20    Spells: 7/7 levels left

rFire    x . .     SeeInvis .   a - +3 dagger (venom)
rCold    + . .     Gourm    .   m - +0 shield
rNeg     + + +     Faith    .   s - +0 plate armour
rPois    ∞         Spirit   .   j - +0 helmet
rElec    .         Reflect  .   n - +1 cloak
rCorr    .         Harm     .   (no gloves)
MR       +....                  h - +2 pair of boots
Stlth    ..........             g - amulet of the acrobat
HPRegen  0.20/turn              l - +6 ring of dexterity
MPRegen  0.11/turn              p - ring of stealth

@: no status effects
A: no food or potions, fire vulnerability, cold resistance 1, negative energy
resistance 3, torment resistance, unbreathing
a: Renounce Religion


You were on level 6 of the Dungeon.
You worshipped Qazlal.
Qazlal was noncommittal.
You were not hungry.

You visited 2 branches of the dungeon, and saw 8 of its levels.

You collected 288 gold pieces.

Inventory:

Hand Weapons
 a - a +3 dagger of venom (weapon)
 b - a +0 blowgun
Missiles
 e - 18 poisoned needles
 f - 2 curare-tipped needles
 o - 4 needles of frenzy
Armour
 h - a +2 pair of boots (worn)
 j - a +0 helmet (worn)
 m - a +0 shield (worn)
 n - a +1 cloak (worn)
 s - a +0 plate armour (worn)
Jewellery
 g - an amulet of the acrobat (around neck)
 l - a +6 ring of dexterity (left hand)
 p - a ring of stealth (right hand)
Scrolls
 c - a scroll of enchant armour
 d - 2 scrolls of identify
 i - 10 scrolls of teleportation
 k - a scroll of enchant weapon
 r - 2 scrolls of magic mapping


   Skills:
 + Level 5.7 Fighting
 - Level 1.7 Short Blades
 - Level 1.5 Throwing
 + Level 3.3 Armour
 + Level 3.3 Dodging
 - Level 3.2 Stealth
 + Level 4.1 Shields
 * Level 2.1 Invocations


You had 7 spell levels left.
You didn't know any spells.
Your spell library contained the following spells:

 Spells                   Type           Power        Failure   Level  Hunger
 Summon Small Mammal      Summ           #...         100%        1    N/A
 Call Imp                 Summ           #.......     100%        2    N/A
 Call Canine Familiar     Summ           #.......     100%        3    N/A
 Summon Guardian Golem    Hex/Summ       #.......     100%        3    N/A
 Summon Ice Beast         Ice/Summ       #.......     100%        4    N/A
 Summon Lightning Spire   Summ/Air       #.......     100%        4    N/A

Dungeon Overview and Level Annotations

Branches:
Dungeon (7/15)             Temple (1/1) D:5

Altars:
Ashenzari
Cheibriados
Dithmenos
Elyvilon
Fedhas
Gozag
Hepliaklqana
Nemelex Xobeh
Okawaru
Qazlal
Ru
Sif Muna
Trog
Uskayaw
Xom
Yredelemnul
Zin
The Shining One


Innate Abilities, Weirdness & Mutations

You do not eat or drink.
Your flesh is vulnerable to fire.
You are immune to poison.
Your flesh is cold resistant. (rC+)
You are immune to negative energy. (rN+++)
You are immune to unholy pain and torment.
You can survive without breathing.


Message History

You hit the orc warrior but do no damage.
The orc warrior looks even sicker.
The orc warrior is lightly wounded.
The orc warrior hits you with a +0 long sword.
* * * LOW HITPOINT WARNING * * *
Your shield and plate armour prevent you from hitting the orc warrior.
The orc warrior is lightly wounded.
The orc warrior barely misses you.
The orc priest mumbles some strange prayers to Beogh against you.
Beogh smites you!
* * * LOW HITPOINT WARNING * * *
You hit the orc warrior but do no damage.
The orc warrior is lightly wounded.
You block the orc warrior's attack.
The orc wizard gestures wildly while chanting.
The orc wizard flickers and vanishes!
Deactivating autopickup; reactivate with Ctrl-A.
The orc priest invokes the aid of Beogh against you.
Beogh smites you!
You die...

#..##
##......###......#
##..#
#......##........
##..#
##................
##.(.#
#...............).
#....#
##...###...........
##..### #...##
#........... ##..##
#.!## ##...........
##..## #..#
#............ #..##
##@# ##............
..## #o#
#............. ..#
##{# #>............
..#
#.o###.))..........
..#
#..##..o...........
..#
#...#oo............
..#
#...#..............
..#
#..................
..#
##.................


You could see an orc warrior and an orc priest.

Vanquished Creatures
  A centaur (D:5)
  A crocodile (D:6)
  A bullfrog (D:3)
  A scorpion (D:5)
  A centaur zombie (D:5)
  A howler monkey (D:3)
  A bullfrog zombie (D:5)
  4 hounds
  An orc priest (D:6)
  2 iguanas
  Natasha (thrice) (D:2)
  4 orc wizards
  4 worker ants
  2 hound skeletons
  15 gnolls
  7 adders
  A shadow imp (D:5)
  An ooze (D:4)
  An adder zombie (D:6)
  An adder skeleton (D:3)
  4 worms
  4 dart slugs
  27 orcs
  5 giant cockroaches
  6 goblins
  7 hobgoblins
  18 jackals
  A quokka (D:2)
  5 bats
  6 frilled lizards
  3 kobolds
  3 rats
142 creatures vanquished.

Vanquished Creatures (others)
  An orc wizard (D:6)
1 creature vanquished.

Grand Total: 143 creatures vanquished

Notes
Turn   | Place    | Note
-------+----------+-------------------------------------------
     0 | D:1      | HallandMoats the Mummy Assassin began the quest for the
                  | Orb.
     0 | D:1      | Reached XP level 1. HP: 16/16 MP: 1/1
   184 | D:1      | Reached skill level 1 in Dodging
   216 | D:1      | Reached XP level 2. HP: 22/22 MP: 2/2
   864 | D:2      | Reached XP level 3. HP: 20/28 MP: 3/3
  1269 | D:1      | Reached skill level 3 in Fighting
  1269 | D:1      | Reached skill level 1 in Armour
  1269 | D:1      | Reached skill level 1 in Shields
  1498 | D:2      | Reached XP level 4. HP: 22/35 MP: 4/4
  2031 | D:2      | Noticed Natasha
  2056 | D:2      | HP: 1/35 [gnoll/+0 halberd (8)]
  2061 | D:2      | HP: 1/35 [gnoll/+0 halberd (1)]
  2290 | D:2      | Killed Natasha
  2290 | D:2      | Reached XP level 5. HP: 28/41 MP: 5/5
  2434 | D:2      | Noticed Natasha
  2449 | D:2      | Killed Natasha
  2473 | D:2      | Noticed Natasha
  2485 | D:2      | Killed Natasha
  3614 | D:3      | Reached skill level 4 in Fighting
  3614 | D:3      | Reached XP level 6. HP: 41/48 MP: 6/6
  4420 | D:4      | Reached XP level 7. HP: 52/55 MP: 7/7
  4872 | D:5      | Entered Level 5 of the Dungeon
  4980 | D:5      | Found a staircase to the Ecumenical Temple.
  5046 | D:5      | Found a sacrificial altar of Ru.
  5121 | D:5      | Reached skill level 5 in Fighting
  5419 | D:5      | Found an opulent altar of Gozag.
  5423 | D:5      | Found a glowing silver altar of Zin.
  5480 | Temple   | Entered the Ecumenical Temple
  5729 | Temple   | Became a worshipper of Qazlal Stormbringer
  6727 | D:6      | Reached XP level 8. HP: 63/63 MP: 8/8
  6732 | D:6      | Reached skill level 1 in Invocations
  7047 | D:7      | Found an iron altar of Okawaru.
  7420 | D:6      | Killed from afar by an orc priest

Levels and vault maps discovered:
D:1:      dpeg_arrival_tiny_j, layout_basic
D:2:      layout_basic, minmay_small_reverse_x, uniq_natasha
D:3:      layout_rooms, first_ration
D:4:      layout_loops_ring
D:5:      layout_gridville, grunt_temple_overflow_gold_and_silver,
          nicolae_ru_awakened_eye, minmay_temple_entry_stoned_glass
D:6:      layout_layer_cave
D:7:      layout_gridville, basic_altar
Temple:   minmay_temple_curvy_branch

Skill      XL: |  1  2  3  4  5  6  7  8 |
---------------+-------------------------+-----
Dodging        | 1 2 3 |  3.3
Fighting       | 3 4 5 |  5.7
Armour         | 1 2 3 |  3.3
Shields        | 1 2 3 4 |  4.1
Invocations    | 2 |  2.1
Short Blades   | |  1.7
Throwing       | |  1.5
Stealth        | |  3.2

Action                   |  1- 3 |  4- 6 |  7- 9 || total
-------------------------+-------+-------+-------++-------
Melee: Dagger            |   119 |   289 |   239 ||   647
 Fire: Blowgun           |    24 |    15 |       ||    39
  Use: Scroll            |       |     7 |     1 ||     8
 Stab: Distracted        |     1 |       |       ||     1
       Sleeping          |       |     4 |     2 ||     6
Armor: Ring mail         |    40 |    77 |       ||   117
       Scale mail        |       |    10 |    57 ||    67
       Plate armour      |       |       |    38 ||    38
Dodge: Dodged            |    71 |   115 |    85 ||   271
Block: Shield            |    32 |   126 |    93 ||   251

Table legend:
 A = Non-vault XP
 B = Vault XP
 C = Vault XP percentage of total XP
 D = Non-vault monster count
 E = Vault monster count
 F = Vault count percentage of total count
                 A         B        C        D         E       F
            +---------+---------+-------+---------+---------+-------
      Total |    1727 |      80 |   4.4 |     138 |       5 |   3.5
            +---------+---------+-------+---------+---------+-------
        D:1 |      55 |       0 |   0.0 |      19 |       0 |   0.0
        D:2 |     222 |      80 |  26.5 |      33 |       5 |  13.2
        D:3 |     218 |       0 |   0.0 |      27 |       0 |   0.0
        D:4 |     230 |       0 |   0.0 |      15 |       0 |   0.0
        D:5 |     481 |       0 |   0.0 |      20 |       0 |   0.0
        D:6 |     437 |       0 |   0.0 |      22 |       0 |   0.0
        D:7 |      84 |       0 |   0.0 |       2 |       0 |   0.0
            +---------+---------+-------+---------+---------+-------
